 Dungeon Crawl Stone Soup version 0.32-a0-779-g362cfcae2a (webtiles) character file.

Game seed: 18097656646925273168

163 retardedninja the Trooper (level 5, -7/43 HPs)
             Began as a Coglin Fighter on Mar 19, 2024.
             Blown up by Ijyb (15 damage)
             ... with a mindburst bolt
             ... on level 3 of the Dungeon.
             The game lasted 00:07:19 (3005 turns).

retardedninja the Trooper (Coglin Fighter)          Turns: 3005, Time: 00:07:21

Health: -7/43      AC:  9    Str: 18    XL:     5   Next: 44%
Magic:  5/5        EV:  6    Int:  8    God:
Gold:   154        SH:  0    Dex: 13    Spells: 4/4 levels left

rFire   . . .        a - +0 war axe {Bastian}
rCold   . . .        c - +0 war axe {Armando}
rNeg    . . .        p - +0 chain mail
rPois   .            (no helmet)
rElec   .            (no cloak)
rCorr   .            (no gloves)
SInv    .            (no boots)
Will    .....        (amulet unavailable) Stlth
                     (ring unavailable)
HPRegen 0.27/turn    (ring unavailable)
MPRegen 0.09/turn    (no gizmo)

%: no passive effects
@: revved
A: off-hand wielding, slow wielding, warmup strikes, no jewellery
a: Invent Gizmo


You were on level 3 of the Dungeon.
You visited 1 branch of the dungeon, and saw 3 of its levels.

You collected 154 gold pieces.

Inventory:

Hand Weapons
 a - a +0 war axe (weapon) {Bastian}
 c - a +0 war axe (offhand) {Armando}
Missiles
 m - a throwing net (quivered)
Armour
 p - a +0 chain mail (worn)
Scrolls
 b - a scroll of identify {unknown}
 d - a scroll of immolation {unknown}
 e - a scroll of amnesia {unknown}
 f - a scroll of vulnerability
 g - a scroll of noise {unknown}
Potions
 i - a potion of degeneration {unknown}
 k - a potion of haste {unknown}
 l - 2 potions of curing {unknown}
 n - a potion of heal wounds {unknown}
 o - a potion of might


   Skills:
 * Level 4.4 Fighting
 * Level 3.7 Axes
 + Level 3.3 Armour
 - Level 2.1 Shields


You had 4 spell levels left.
You didn't know any spells.
Your spell library was empty.

Dungeon Overview and Level Annotations

Branches:
Dungeon (3/15)

Altars:

Shops:
D:3 ?

Annotations:
D:3 1 runed translucent door, Crazy Yiuf, Ijyb


Innate Abilities, Weirdness & Mutations

You can wield a second weapon in your off-hand.
It takes a long time for you to wield or remove held weapons.
Your first few attacks do less damage.
You cannot equip rings or amulets.


Message History

You hit the hobgoblin but do no damage.
You hit the hobgoblin with your +0 war axe.
You kill the hobgoblin!
You see here a hobgoblin corpse.
You hit Ijyb with your +0 war axe.
Ijyb is lightly wounded.
You hit Ijyb with your +0 war axe. Ijyb hits you but does no damage.
Ijyb zaps a wand.
Your mind is blasted!
You slash Ijyb with your +0 war axe!
Ijyb is severely wounded.
You hit Ijyb but do no damage.
Ijyb screams, "Me wand stronger than you!"
Ijyb zaps a wand.
Your mind is blasted!
You are too injured to fight recklessly!
You are too injured to fight recklessly!
You are too injured to fight recklessly!
You are too injured to fight recklessly!
You are too injured to fight recklessly!
Ijyb is nearby!
Ijyb is nearby!
You are too injured to fight recklessly!
You are too injured to fight recklessly!
You barely miss Ijyb with your +0 war axe.
Ijyb is severely wounded.
You barely miss Ijyb with your +0 war axe.
Ijyb closely misses you.
You hit Ijyb with your +0 war axe.
Ijyb is almost dead.
You closely miss Ijyb with your +0 war axe.
Ijyb hits you but does no damage.
Ijyb zaps a wand.
You barely resist.
You closely miss Ijyb with your +0 war axe.
Ijyb is almost dead.
You hit Ijyb but do no damage.
Ijyb zaps a wand.
Your mind is blasted!
* * * LOW HITPOINT WARNING * * *
You barely miss Ijyb with your +0 war axe.
Ijyb is almost dead.
You barely miss Ijyb with your +0 war axe.
Ijyb zaps a wand.
Your mind is blasted!
You die...
Ijyb screams, "Time for next experiment!"

.# ## .# #. . ### .#. # ...
..# #.##.##.####.#. #.#
#.#.#.#........ #.# #.#
#).#.#†@g.# #.# #.#
#.#.#.#..## #.# #.#
#.##.##.## #.# #.# #.......#
#.# #.# ###...######## # #.#
#.#####........(.###..#
#.####.#...................#
#........###.####ß###[#
####...### #.# .# #<# #


You could see Ijyb.

Vanquished Creatures
  Natasha (D:3)
  2 orc wizards (D:3)
  An adder (D:2)
  A gnoll (D:1)
  3 dart slugs
  2 orcs (D:3)
  3 bats (D:1)
  4 endoplasms
  4 giant cockroaches
  5 goblins
  4 hobgoblins
  4 kobolds (D:1)
  2 ball pythons
  4 frilled lizards
  4 rats
44 creatures vanquished.

Vanquished Creatures (others)
  An orc wizard (D:3)
1 creature vanquished.

Grand Total: 45 creatures vanquished

Notes
Turn   | Place    | Note
-------+----------+-------------------------------------------
     0 | D:1      | retardedninja the Coglin Fighter began the quest for the
                  | Orb.
     0 | D:1      | Reached XP level 1. HP: 18/18 MP: 1/1
   141 | D:1      | Reached XP level 2. HP: 19/24 MP: 2/2
   231 | D:1      | Reached XP level 3. HP: 9/29 MP: 3/3
  1753 | D:2      | Reached XP level 4. HP: 37/37 MP: 4/4
  1819 | D:2      | Identified the +0 leather armour of the Hurting Gods {Fly
                  | rN+ Str+4}
  2245 | D:3      | Reached skill level 4 in Fighting
  2271 | D:3      | Found Kittouna's Magic Scroll Shop.
  2276 | D:3      | Reached XP level 5. HP: 11/42 MP: 5/5
  2310 | D:3      | Noticed Natasha
  2597 | D:3      | Killed Natasha
  2935 | D:3      | Found a runed translucent door.
  2936 | D:3      | Noticed Crazy Yiuf
  2994 | D:3      | Found Witupres's Jewellery Emporium.
  2995 | D:3      | Noticed Ijyb
  3005 | D:3      | Blown up by Ijyb

Illustrated notes

Levels and vault maps discovered:
D:1:      arrival_zaba_pyramid, layout_basic, minmay_indecisive_spiral
D:2:      layout_basic, serial_rivers, chequers_serial_rivers_micro_e,
          chequers_serial_rivers_micro_e, chequers_serial_rivers_large_a,
          chequers_serial_rivers_large_b, chequers_serial_rivers_marsh,
          chequers_serial_rivers_small_b, minmay_surrounded
D:3:      layout_loops_ring, serial_shops, nicolae_shop_tiny_real_fake_doors,
          shop_statue, nicolae_shop_gaudy_bauble, kennysheep_pointless_box,
          uniq_crazy_yiuf_cottage, uniq_grinder, uniq_ijyb, uniq_natasha

Skill      XL: |  1  2  3  4 |
---------------+-------------+-----
Armour         | 3 |  3.3
Axes           | 3 |  3.7
Fighting       | 4 |  4.4
Shields        | |  2.1

Action                     |  1- 3 |  4- 6 || total
---------------------------+-------+-------++-------
  Melee: War axe           |    65 |    59 ||   124
         Short sword       |    11 |    42 ||    53
    Use: Potion            |     1 |       ||     1
         Scroll            |       |     2 ||     2
 Armour: Scale mail        |    51 |       ||    51
         Chain mail        |       |    46 ||    46
  Dodge: Dodged            |    22 |     3 ||    25
  Block: Buckler           |    13 |       ||    13

Table legend: (Time is in decaauts)
 A = Elapsed time spent in this place.
 B = Non-inter-level travel time spent in this place.
 C = Inter-level travel time spent in this place.
 D = Time resting spent in this place.
 E = Time spent auto-exploring this place.
 F = Levels seen in this place.
 G = Mean time per level.
                   A        B        C        D        E       F      G
               +--------+--------+--------+--------+--------+-----+--------+
         Total |   3076 |   2974 |    102 |    591 |   1968 |   3 | 1025.3 |
       Dungeon |   3076 |   2974 |    102 |    591 |   1968 |   3 | 1025.3 |
               +--------+--------+--------+--------+--------+-----+--------+

Top non-repeatable levels by time:
     D:2: 1756 daAuts
     D:1: 1118 daAuts
     D:3: 202 daAuts
